 Dungeon Crawl Stone Soup version 0.31-a0-355-g57cb03d3e8 (webtiles) character file.

Game seed: 7000812643569284294

4 Shard1697 the Sneak (level 1, -1/19 HPs)
             Began as a Draconian Delver on July 25, 2023.
             Slain by a scorpion (6 damage)
             ... on level 5 of the Dungeon.
             The game lasted 00:00:11 (28 turns).

Shard1697 the Sneak (Draconian Delver)                Turns: 28, Time: 00:00:11

Health: -1/19      AC:  4    Str: 14    XL:     1   Next: 50%
Magic:  1/1        EV: 12    Int: 10    God:
Gold:   0          SH:  0    Dex: 12    Spells: 0/0 levels left

rFire   . . .        a - +0 falchion
rCold   . . .        (no shield)
rNeg    . . .        (body armour unavailable)
rPois   .            (helmet restricted)
rElec   .            (no cloak)
rCorr   .            (no gloves)
SInv    .            (no boots)
Will    .....        (no amulet)
Stlth   +++          (no ring)
HPRegen 0.23/turn    (no ring)
MPRegen 0.07/turn

%: no passive effects
@: lethally poisoned (-1 -> -7)
A: AC +4, unfitting armour, cold-blooded
a: no special abilities


You were on level 5 of the Dungeon.
You visited 1 branch of the dungeon, and saw 1 of its levels.

Inventory:

Hand Weapons
 a - a +0 falchion (weapon)
Wands
 f - a wand of digging (3)
Scrolls
 b - a scroll of fog
 d - a scroll of fear
Potions
 e - a potion of haste


   Skills:
 - Level 3.2 Fighting
 + Level 2.4 Long Blades
 - Level 1.7 Dodging
 - Level 4.5 Stealth


You couldn't memorise any spells.
You didn't know any spells.
Your spell library was empty.

Dungeon Overview and Level Annotations

Branches:
Dungeon (5/15)
 Temple: D:4-7

Altars:


Innate Abilities, Weirdness & Mutations

Your plain brown scales are hard. (AC +4)
You cannot fit into any form of body armour.
You are cold-blooded and may be slowed by cold attacks.


Message History

You feel aware of your surroundings.
You sensed 1 shop/portal.
An orc comes into view. It is wielding a +0 hand axe.
Found a robe.
Found a stone staircase leading up.
An orc comes into view. It is wielding a +0 hand axe.
The orc shouts!
An orc comes into view. It is wielding a +0 dagger.
The orc shouts! x2; You hear a shout!
You barely miss the orc. The orc hits you with a +0 hand axe.
You slash the orc!
You kill the orc!
You barely miss the orc. The orc hits you but does no damage.
You hit the orc.
The orc is moderately wounded.
The orc closely misses you.
You closely miss the orc. You tail-slap the orc.
You kill the orc!
You closely miss the orc. The orc hits you with a +0 hand axe.
A scorpion comes into view.
The orc barely misses you.
You hit the orc.
The orc is lightly wounded.
The orc hits you but does no damage.
You hit the orc.
The orc is heavily wounded.
The orc hits you with a +0 hand axe.
You barely miss the orc.
The orc is heavily wounded.
The orc hits you but does no damage. The scorpion stings you.
You are lethally poisoned!
The scorpion poisons you!
You barely miss the orc.
Your tail-slap misses the orc.
The orc is heavily wounded.
You feel very sick. The orc misses you.
The scorpion stings you but does no damage.
You hit the orc but do no damage.
The orc is heavily wounded.
* * * LOW HITPOINT WARNING * * *
You feel sick. The scorpion stings you.
You die...

*,,,,,,* ###############*,,**
*,,,,,,**** ###############*,**
*,,,,,,,,,* ###############*,*
*,,,,,,**,#####........###.,,*
*,,,,,,**,..###........###.*****
****#******#.###....>...#...* *,
,,,,...,,* #.#######......##****,
,,,,..[..###.####......$....,,,,,
,,,,...........o@s####.###.#****,
,,,,..<.....#..#######.^##.#* **
,,,,.....##........##...##..*
****####**####............#.*****
####....##.#...,,,,,
######.....####*,***
*,,,#*,,,****,* *********
*,*****,,,,,*,* *,,,,,,,***,*
*,,**,,,*


You could see a scorpion and an orc.

Vanquished Creatures
  2 orcs (D:5)
2 creatures vanquished.

Notes
Turn   | Place    | Note
-------+----------+-------------------------------------------
     0 | D:5      | Shard1697 the Draconian Delver began the quest for the Orb.
     0 | D:5      | Reached XP level 1. HP: 19/19 MP: 1/1
    23 | D:5      | Noticed a scorpion
    28 | D:5      | Slain by a scorpion

Illustrated notes

Levels and vault maps discovered:
D:5:      layout_rooms, serial_curves, eino_curves_03, eino_curves_02,
          gup_sewer_entry_bowl, uniq_grinder

Action                     || total
---------------------------++-------
  Melee: Falchion          ||    11
         Tailslap          ||     1
    Use: Scroll            ||     1
 Armour: Skin              ||     4
  Dodge: Dodged            ||     3

Table legend: (Time is in decaauts)
 A = Elapsed time spent in this place.
 B = Non-inter-level travel time spent in this place.
 C = Inter-level travel time spent in this place.
 D = Time resting spent in this place.
 E = Time spent auto-exploring this place.
 F = Levels seen in this place.
 G = Mean time per level.
                   A        B        C        D        E       F      G
               +--------+--------+--------+--------+--------+-----+--------+
         Total |     29 |     29 |      0 |      0 |      0 |   1 |   29.0 |
       Dungeon |     29 |     29 |      0 |      0 |      0 |   1 |   29.0 |
               +--------+--------+--------+--------+--------+-----+--------+

Top non-repeatable levels by time:
     D:5: 29 daAuts
